AoeStats
← ! KEEP`aShRiel;♡'m

Arabia

507620628Analyzed
2v2 RM · 13d ago on Sep 19, 2026· 48m 49s· 4 players
Game mode
Random Map
Map size
Medium (4 player)
Population
200
Speed
Normal
Resources
Standard
Victory
Conquest
Starting age
Dark Age
Ending age
Imperial Age
RankedLock teamsTeams togetherTeam positionsShared explorationLock speedFull tech treeHidden civsTurbo modeCheats
Victory
Defeat
🇹🇷 Ethiopians · Türkiye
876
+15
🇵🇾 Franks · Paraguay
840
+17
🇨🇦 Lithuanians · Canada
867
-16
🇧🇷 Japanese · Brazil
851
-16
! KEEP`aShRiel;♡'m
7:51 Loom
10:16 Feudal Age
14:41 Wheelbarrow
14:15 Double-Bit Axe
14:41 Padded Archer Armor
14:38 Fletching
23:19 Castle Age
22:07 Town Watch
22:17 Gold Mining
22:19 Stone Mining
22:21 Horse Collar
25:16 Gold Shaft Mining
25:19 Stone Shaft Mining
25:05 Scale Barding Armor
27:14 Leather Archer Armor
27:00 Scale Mail Armor
28:30 Hand Cart
28:06 Crossbowman
29:41 Squires
30:22 Heavy Plow
32:12 Town Patrol
35:40 Bow Saw
38:42 Imperial Age
36:42 Thumb Ring
37:01 Ballistics
36:40 Murder Holes
39:25 Bodkin Arrow
39:45 Chain Mail Armor
39:41 Forging
39:13 Arbalester
40:38 Conscription
41:43 Ring Archer Armor
41:14 Bracer
42:49 Two-Man Saw
42:11 Halberdier
44:45 Plate Mail Armor
45:42 Chemistry
46:43 Siege Engineers
47:19 Iron Casting
Burgerlover
11:09 Feudal Age
25:57 Castle Age
24:31 Forging
26:53 Double-Bit Axe
31:11 Iron Casting
34:57 Wheelbarrow
35:44 Scale Barding Armor
37:34 Gold Mining
38:18 Loom
Rique
11:08 Feudal Age
17:12 Castle Age
22:13 Husbandry
30:02 Bloodlines
31:54 Scale Barding Armor
34:18 Forging
39:06 Iron Casting
45:25 Fletching
47:57 Chain Barding Armor
48:54 Bodkin Arrow
thiagopri
11:14 Feudal Age
9:36 Loom
13:08 Horse Collar
13:15 Double-Bit Axe
15:03 Man-at-Arms
19:09 Scale Mail Armor
21:35 Gold Mining
23:19 Forging
27:22 Castle Age
26:02 Wheelbarrow
28:43 Stone Mining
31:04 Squires
30:27 Long Swordsman
30:35 Long Swordsman
33:06 Gambesons
33:42 Husbandry
33:53 Bloodlines
34:40 Chain Mail Armor
35:01 Iron Casting
34:50 Arson
44:34 Yasama
Connection lost

Rejoining the realm…

Still unreachable

The connection could not be restored.

Session expired

The server has moved on; the page needs a fresh start.